 Dungeon Crawl Stone Soup version 0.28-a0-1518-gbe868bca14 (webtiles) character file.

Game seed: 7521221378725255164

40 buddhastalin the Chopper (level 3, -3/49 HPs)
             Began as a Draconian Berserker on Jan 16, 2022.
             Was a Follower of Trog.
             Slain by a gnoll (6 damage)
             ... on level 2 of the Dungeon.
             The game lasted 00:01:27 (1330 turns).

buddhastalin the Chopper (Draconian Berserker)      Turns: 1330, Time: 00:01:28

Health: -3/49      AC:  5    Str: 21    XL:     3   Next: 30%
Magic:  3/3        EV: 12    Int:  7    God:    Trog [*.....]
Gold:   32         SH:  0    Dex: 10    Spells: 2/2 levels left

rFire   . . .      SeeInvis .   a - +0 hand axe
rCold   . . .      Faith    .   (no shield)
rNeg    . . .      Spirit   .   (armour unavailable)
rPois   .          Reflect  .   (helmet restricted)
rElec   .          Harm     .   (no cloak)
rCorr   .          Rampage  .   (no gloves)
Will    .....                   (no boots)
Stlth   ..........              (no amulet)
HPRegen 0.16/turn               (no ring)
MPRegen 0.08/turn               (no ring)

@: berserking (expiring), very quick
A: AC +5, unfitting armour, cold-blooded
a: Renounce Religion, Berserk


You were on level 2 of the Dungeon.
You worshipped Trog.
Trog was aware of your devotion.
You visited 1 branch of the dungeon, and saw 2 of its levels.

You collected 32 gold pieces.

Inventory:

Hand Weapons
 a - a +0 hand axe (weapon)
Missiles
 c - 6 poisoned darts (quivered)
Scrolls
 b - a scroll of magic mapping {unknown}
 d - a scroll of identify {unknown}


   Skills:
 + Level 3.7 Fighting
 * Level 3.8 Axes
 + Level 3.0 Dodging


You had 2 spell levels left.
You didn't know any spells.
Your spell library was empty.

Dungeon Overview and Level Annotations

Branches:
Dungeon (2/15)

Altars:


Innate Abilities, Weirdness & Mutations

Your plain brown scales are hard. (AC +5)
You cannot fit into any form of body armour.
You are cold-blooded and may be slowed by cold attacks.


Message History

The gnoll moves out of view.
A gnoll comes into view. It is wielding a +0 spear.
The gnoll moves out of view.
The gnoll barely misses you.
You barely miss the gnoll.
The gnoll hits you with a +1 spear of flaming.
The gnoll burns you.
The gnoll hits you with a +1 spear of flaming!
The gnoll burns you.
You hit the gnoll. You tail-slap the gnoll.
The gnoll is heavily wounded.
The gnoll hits you but does no damage.
You hit the gnoll.
The gnoll is almost dead.
A gnoll comes into view. It is wielding a +0 spear.
The gnoll hits you with a +1 spear of flaming.
The gnoll burns you.
A red film seems to cover your vision as you go berserk!
You feel yourself moving faster!
You feel mighty!
The gnoll shouts!
The gnoll hits you with a +1 spear of flaming!
The gnoll burns you.
* * * LOW HITPOINT WARNING * * *
You hit the gnoll.
You kill the gnoll!
Trog accepts your kill. The gnoll misses you.
The gnoll hits you from afar with a +0 spear.
* * * LOW HITPOINT WARNING * * *
Things that are here:
a +1 spear of flaming; a gnoll corpse You hit the gnoll.
The gnoll is moderately wounded.
The gnoll hits you with a +0 spear!
* * * LOW HITPOINT WARNING * * *
You barely miss the gnoll.
The gnoll is moderately wounded.
You slash the gnoll! You barely miss the gnoll.
The gnoll hits you with a +0 flail.
You die...

### .. .. # ##. ..
#.. g..
####.#########
....#.....<.......
....##g#....#.## #
#..#@#........
#.gg)....#.##
###.##....... #.#
....... ...
....###
#.......>.#
#..........#
.........#..
.......#


You could see 3 gnolls.

Vanquished Creatures
  A gnoll (D:2)
  A dart slug (D:1)
  4 bats (D:1)
  2 endoplasms (D:1)
  A giant cockroach (D:1)
  4 goblins (D:1)
  2 hobgoblins (D:1)
  4 jackals (D:1)
  A quokka (D:1)
  A frilled lizard (D:1)
  3 rats (D:1)
24 creatures vanquished.

Vanquished Creatures (others)
  A plant (D:1)
1 creature vanquished.

Grand Total: 25 creatures vanquished

Notes
Turn   | Place    | Note
-------+----------+-------------------------------------------
     0 | D:1      | buddhastalin the Draconian Berserker began the quest for
                  | the Orb.
     0 | D:1      | Reached XP level 1. HP: 19/19 MP: 1/1
   342 | D:1      | Reached XP level 2. HP: 10/26 MP: 2/2
  1213 | D:1      | Reached XP level 3. HP: 29/33 MP: 3/3
  1268 | D:1      | Found a faded altar of an unknown god.
  1330 | D:2      | Slain by a gnoll

Illustrated notes

Levels and vault maps discovered:
D:1:      pf_arrival_petrified_forest, layout_basic, serial_rivers,
          chequers_serial_rivers_marsh, chequers_serial_rivers_micro_c,
          chequers_serial_rivers_micro_d, chequers_serial_rivers_micro_c,
          chequers_serial_rivers_micro_b, chequers_serial_rivers_micro_d,
          chequers_ecumenical_altar_lobes
D:2:      layout_rooms, serial_bayou_pond_e, dk_noncrumbling_4,
          roderic_roman_lattice

Skill      XL: |  1  2 |
---------------+-------+-----
Dodging        | 3 |  3.0
Fighting       | |  3.7
Axes           | |  3.8

Action                   || total
-------------------------++-------
Melee: Hand axe          ||    81
       Tailslap          ||     7
Invok: Berserk           ||     1
Armor: Skin              ||    27
Dodge: Dodged            ||    63

Table legend: (Time is in decaauts)
 A = Elapsed time spent in this place.
 B = Non-inter-level travel time spent in this place.
 C = Inter-level travel time spent in this place.
 D = Time resting spent in this place.
 E = Time spent auto-exploring this place.
 F = Levels seen in this place.
 G = Mean time per level.
                   A        B        C        D        E       F      G
               +--------+--------+--------+--------+--------+-----+--------+
         Total |   1346 |   1295 |     51 |    452 |    655 |   2 |  673.0 |
       Dungeon |   1346 |   1295 |     51 |    452 |    655 |   2 |  673.0 |
               +--------+--------+--------+--------+--------+-----+--------+

Top non-repeatable levels by time:
     D:1: 1326 daAuts
     D:2: 19 daAuts
